Map: Apothéose EC

Players

Worming

  • Race: Protoss Protoss
  • League: Diamond

bleedthesky - Winner!

  • Race: Terran Terran

VOD

Have the link to the VOD?

Description

Time

  • Played on: Oct. 21, 2016, 6:41 a.m.
  • Length: 11:33
Show
View Real Time Build Order
Export as new Build Order

Worming Protoss 

Build Orders: 1 Gate Expand 

Get SALT Encoding   

  12  0:01  Probe (Chrono Boost)  
  13  0:11  Probe (Chrono Boost)  
  14  0:20  Pylon  
  14  0:24  Probe (Chrono Boost)  
  15  0:40  Gateway  
  15  0:41  Assimilator  
  15  0:43  Probe (Chrono Boost)  
  16  0:53  Probe (Chrono Boost)  
  18  1:04  Probe (Chrono Boost)  
  18  1:15  Probe (Chrono Boost)  
  19  1:23  Nexus, Unknown  
  19  1:36  Cybernetics Core  
  19  1:38  Probe (Chrono Boost)  
  20  1:45  Pylon  
  21  1:54  Probe (Chrono Boost), Assimilator  
  21  2:05  Probe (Chrono Boost)  
  22  2:13  Adept  
  25  2:30  Probe (Chrono Boost), Warp Gate  
  25  2:34  Unknown  
  25  2:35  Probe (Chrono Boost)  
  26  2:40  Probe (Chrono Boost)  
  27  2:46  Probe (Chrono Boost)  
  27  2:51  Probe (Chrono Boost)  
  28  2:56  Adept  
  28  2:57  Probe (Chrono Boost)  
  31  3:01  Probe (Chrono Boost)  
  32  3:07  Probe (Chrono Boost)  
  32  3:12  Probe (Chrono Boost)  
  34  3:15  Gateway  
  34  3:18  Gateway  
  34  3:23  Pylon  
  34  3:24  Probe (Chrono Boost)  
  35  3:28  Probe (Chrono Boost)  
  35  3:31  Adept  
  38  3:36  Probe (Chrono Boost)  
  38  3:39  Probe (Chrono Boost)  
  40  3:45  Gateway  
  40  3:49  Probe (Chrono Boost)  
  40  3:54  Mothership Core (Chrono Boost)  
  43  3:58  Adept  
  43  4:00  Probe (Chrono Boost)  
  43  4:02  Adept  
  48  4:05  Adept  
  50  4:10  Probe (Chrono Boost)  
  51  4:21  Probe (Chrono Boost)  
  52  4:39  Assimilator  
  52  4:40  Probe (Chrono Boost), Assimilator  
  53  4:51  Probe (Chrono Boost)  
  54  5:03  Pylon  
  54  5:09  Pylon x2  
  54  5:22  Probe (Chrono Boost), Twilight Council  
  54  5:26  Adept x3  
  57  5:32  Probe (Chrono Boost)  
  58  5:43  Probe (Chrono Boost)  
  58  5:45  Nexus, Unknown  
  51  6:02  Stalker x4  
  52  6:10  Probe (Chrono Boost)  
  53  6:20  Probe (Chrono Boost)  
  53  6:22  Probe (Chrono Boost)  
  55  6:30  Probe (Chrono Boost)  
  52  6:34  Probe (Chrono Boost)  
  53  6:41  Probe (Chrono Boost)  
  53  6:42  Forge  
  53  6:47  Probe (Chrono Boost)  
  55  6:51  Probe (Chrono Boost)  
  56  6:56  Unknown  
  56  6:59  Probe (Chrono Boost)  
  54  7:02  Probe (Chrono Boost)  
  55  7:09  Adept x3  
  55  7:10  Stalker  
  55  7:11  Probe (Chrono Boost)  
  55  7:13  Probe (Chrono Boost), Resonating Glaives  
  65  7:18  Photon Cannon  
  66  7:23  Probe x2 (Chrono Boost)  
  66  7:27  Protoss Ground Weapons Level 1  
  63  7:34  Probe x2 (Chrono Boost)  
  63  7:35  Probe (Chrono Boost)  
  66  7:38  Adept  
  66  7:39  Adept x3  
  74  7:44  Probe (Chrono Boost)  
  74  7:45  Probe (Chrono Boost)  
  74  7:48  Probe (Chrono Boost)  
  70  7:55  Probe x2 (Chrono Boost)  
  70  7:56  Gateway  
  70  8:00  Probe (Chrono Boost)  
  70  8:05  Probe (Chrono Boost), Gateway  
  71  8:12  Probe (Chrono Boost)  
  71  8:25  Stalker x3  
  71  8:26  Stalker  
  78  8:44  Nexus, Unknown  
  78  9:14  Pylon  
  78  9:17  Pylon  
  78  9:26  Probe (Chrono Boost)  
  78  9:28  Robotics Facility  
  71  9:36  Probe (Chrono Boost)  
  68  9:47  Probe (Chrono Boost)  
  68  9:51  Probe (Chrono Boost)  
  70  9:55  Unknown  
  70  9:57  Probe (Chrono Boost)  
  65  10:03  Probe (Chrono Boost)  
  66  10:08  Probe (Chrono Boost)  
  68  10:15  Probe (Chrono Boost)  
  68  10:17  Observer  
  68  10:18  Probe (Chrono Boost)  
  70  10:27  Probe (Chrono Boost)  
  71  10:29  Probe (Chrono Boost)  
  71  10:35  Stalker x3  
  70  10:36  Stalker x3  
  78  10:45  Assimilator  
  78  10:47  Assimilator  
  78  11:05  Nexus, Unknown  
  78  11:07  Adept x4  
  78  11:08  Adept  
Show
View Real Time Build Order
Export as new Build Order

bleedthesky Terran - Winner!

Build Orders: Reaper Expand, MMM Bio 

Get SALT Encoding   

  12  0:01  SCV  
  13  0:13  SCV  
  14  0:18  Supply Depot  
  14  0:25  SCV  
  15  0:28  Refinery  
  15  0:39  SCV  
  16  0:47  Barracks  
  16  0:51  SCV  
  17  1:03  SCV  
  18  1:15  SCV  
  19  1:33  Orbital Command  
  19  1:35  Reaper  
  20  1:45  Command Center, Unknown  
  20  1:57  Factory  
  20  2:01  SCV  
  21  2:10  Supply Depot  
  21  2:14  SCV  
  22  2:17  Barracks Reactor  
  22  2:18  Refinery  
  22  2:29  SCV  
  23  2:41  SCV, Bunker  
  24  2:54  SCV  
  24  2:56  Unknown  
  24  2:57  Starport, Widow Mine  
  27  2:58  Marine  
  27  2:59  Marine  
  27  3:04  Orbital Command  
  29  3:11  SCV  
  30  3:18  Engineering Bay  
  30  3:23  SCV  
  31  3:28  Widow Mine  
  31  3:31  Marine x2  
  35  3:36  SCV  
  36  3:47  Medivac  
  38  3:49  SCV x2  
  38  3:53  Supply Depot  
  40  3:55  Missile Turret  
  40  3:59  Missile Turret  
  40  4:01  SCV  
  41  4:04  Marine x2  
  41  4:05  SCV  
  41  4:07  Liberator  
  44  4:12  Factory Reactor  
  44  4:24  Marine x2  
  48  4:33  SCV x2  
  50  4:41  Barracks x2  
  50  4:45  SCV x2, Marine x2  
  54  4:53  Supply Depot  
  54  5:05  Supply Depot  
  54  5:14  SCV x2  
  54  5:16  Marine x2  
  58  5:26  SCV x2  
  60  5:34  Marine  
  62  5:37  Barracks Tech Lab, Barracks Reactor  
  62  5:39  SCV x2  
  62  5:42  Supply Depot  
  62  5:44  Supply Depot  
  61  5:51  SCV x2  
  63  5:58  Refinery  
  63  6:00  Refinery  
  63  6:01  Supply Depot x2  
  63  6:03  SCV x2  
  62  6:05  Engineering Bay  
  62  6:09  Medivac x2  
  66  6:13  Command Center, Unknown, Factory Reactor  
  66  6:15  Stimpack  
  66  6:16  Marine x4  
  66  6:17  Marine  
  71  6:19  Terran Infantry Weapons Level 1  
  71  6:23  SCV x2  
  73  6:34  Marine  
  73  6:35  SCV x2, Marine x3  
  73  6:36  Marine  
  79  6:50  Widow Mine  
  79  6:51  Medivac, Widow Mine  
  79  6:52  Medivac, Marine  
  79  6:53  Marine x2  
  92  6:54  Marauder  
  92  6:55  Terran Infantry Armor Level 1  
  92  7:05  Marine  
  92  7:08  SCV x2  
  95  7:09  Marine  
  95  7:13  Supply Depot  
  95  7:14  Supply Depot  
  96  7:19  Armory, Marine  
  96  7:20  SCV x2  
  99  7:23  Marine x2  
  99  7:24  Unknown  
  100  7:33  Marine  
  100  7:34  Marine  
  100  7:35  Widow Mine  
  100  7:36  Marine  
  105  7:40  Orbital Command  
  105  7:47  Marine x2  
  107  7:51  Marine  
  107  7:52  Marauder  
  107  7:58  Marine  
  107  7:59  Widow Mine  
  107  8:03  SCV x2, Widow Mine  
  107  8:05  Marine x2  
  115  8:13  Marauder  
  115  8:15  SCV  
  117  8:24  Marine  
  117  8:25  Marine x3  
  119  8:29  SCV x3  
  119  8:31  Barracks  
  119  8:32  Barracks  
  119  8:33  Combat Shields  
  116  8:34  Marine  
  116  8:37  Barracks  
  116  8:38  Barracks  
  113  8:41  SCV  
  113  8:45  SCV x2  
  115  8:49  Marine x4  
  115  8:52  Medivac x2  
  115  8:53  Marauder, SCV  
  126  8:57  SCV x2  
  126  9:01  Widow Mine  
  126  9:02  Widow Mine  
  132  9:05  SCV, Supply Depot  
  132  9:06  Supply Depot  
  132  9:07  Supply Depot  
  133  9:15  Terran Infantry Armor Level 2, Terran Infantry Weapons Level 2  
  133  9:20  SCV  
  133  9:21  SCV  
  133  9:22  Marine  
  133  9:24  Marine  
  133  9:25  SCV  
  133  9:27  Marauder, Marine x2  
  133  9:33  Barracks Tech Lab  
  133  9:34  Barracks Tech Lab  
  128  9:40  Marine  
  128  9:42  Marine  
  128  9:45  Marine x2  
  129  9:51  Barracks Tech Lab  
  129  9:52  Barracks Tech Lab  
  127  9:53  Marine  
  126  10:04  Marine x5  
  126  10:06  Widow Mine x2  
  135  10:07  Medivac x2  
  135  10:08  Barracks Tech Lab, SCV x3  
  135  10:11  Marauder, Refinery x2  
  144  10:17  Concussive Shells  
  144  10:18  Marine x2  
  144  10:20  SCV  
  147  10:22  Marine  
  147  10:23  Marauder  
  148  10:33  Marauder  
  150  10:36  Marauder  
  150  10:37  Marauder  
  152  10:44  Marauder  
  152  10:46  Command Center, Unknown  
  152  10:47  Supply Depot  
  152  10:48  Supply Depot, Marine x3  
  152  10:49  Supply Depot  
  157  10:50  Supply Depot  
  157  10:57  Marauder, Marine x2  
  157  10:58  Marauder x2, Missile Turret  
  165  11:06  Marauder, Marine x3  
  170  11:15  Marine x2  
Tags
 
Add a new tag
Caveats
  • Supply blocks, unpowered buildings, or Contaminate may cause inaccurate times.
  • Supply counts are checked every 10 seconds.